 Dungeon Crawl Stone Soup version 0.29-a0-96-g93358da72b (webtiles) character file.

Game seed: 377756141833401166

1993 Murumi the Fighter (level 9, -13/94 (98) HPs)
             Began as an Ogre Fighter on Feb 12, 2022.
             Was a Believer of Okawaru.
             Mangled by a wight (20 damage)
             ... on level 7 of the Dungeon.
             The game lasted 00:25:26 (8999 turns).

Murumi the Fighter (Ogre Fighter)                   Turns: 8999, Time: 00:25:26

HP:   -13/94 (98)   AC:  3    Str: 28    XL:     9   Next: 21%
MP:   10/11         EV: 13    Int: 13    God:    Okawaru [**....]
Gold: 237           SH:  8    Dex:  8    Spells: 8/8 levels left

rFire   . . .      SeeInvis .   a - +0 flail
rCold   . . .      Faith    .   c - +1 kite shield
rNeg    . . .      Spirit   .   b - +0 robe
rPois   .          Reflect  .   (helmet restricted)
rElec   .          Harm     .   (no cloak)
rCorr   .          Rampage  .   (gloves unavailable)
Will    .....                   (boots unavailable)
Stlth   +.........              (no amulet)
HPRegen 0.25/turn               z - +6 ring of strength
MPRegen 0.12/turn               i - +4 ring of evasion

@: lightly drained, invisible
A: large, unfitting armour, tough skin 1
a: Renounce Religion, Heroism


You were on level 7 of the Dungeon.
You worshipped Okawaru.
Okawaru was pleased with you.
You visited 2 branches of the dungeon, and saw 8 of its levels.

You collected 237 gold pieces.

Inventory:

Hand Weapons
 a - a +0 flail (weapon)
 r - a +0 giant spiked club
Missiles
 e - 100 stones (quivered)
 l - 12 boomerangs
 m - 6 datura-tipped darts
 o - 4 atropa-tipped darts
 w - a throwing net
Armour
 b - a +0 robe (worn)
 c - a +1 kite shield (worn)
Jewellery
 h - a ring of protection from fire
 i - a +4 ring of evasion (right hand)
 z - a +6 ring of strength (left hand)
Wands
 y - a wand of acid (6)
Scrolls
 j - 4 scrolls of teleportation
 k - 2 scrolls of blinking
 u - a scroll of holy word
Potions
 d - a potion of might
 f - a potion of cancellation {unknown}
 n - 2 potions of brilliance
 p - a potion of curing
 q - a potion of magic {unknown}
 s - a potion of berserk rage {unknown}
 t - a potion of attraction {unknown}
 v - 2 potions of flight {unknown}
 x - a potion of haste {unknown}


   Skills:
 - Level 9.0 Fighting
 - Level 5.0 Maces & Flails
 - Level 5.0 Throwing
 - Level 2.0 Armour
 + Level 4.9 Dodging
 - Level 4.0 Shields
 - Level 3.0 Invocations


You had 8 spell levels left.
You didn't know any spells.
Your spell library contained the following spells:

 Spells                   Type           Power      Damage    Failure   Level
 Sandblast                Erth           0%         2d4       56%         1
 Passwall                 Tmut/Erth      0%         N/A       71%         2
 Sublimation of Blood     Necr           0%         N/A       71%         2
 Wereblood                Tmut           0%         N/A       71%         2
 Conjure Flame            Conj/Fire      0%         6-21      91%         3
 Dazzling Flash           Conj/Hex       0%         N/A       91%         3
 Gell's Gravitas          Tloc           0%         N/A       91%         3
 Ignite Poison            Fire/Tmut/Pois 0%         N/A       91%         3
 Ozocubu's Armour         Ice            0%         N/A       91%         3
 Stone Arrow              Conj/Erth      0%         3d7       91%         3
 Teleport Other           Tloc           0%         N/A       91%         3
 Sticky Flame             Conj/Fire      0%         2d3       100%        4
 Agony                    Necr           0%         N/A       100%        5
 Silence                  Hex/Air        0%         N/A       100%        5
 Dispersal                Tloc           0%         N/A       100%        6
 Ozocubu's Refrigeration  Ice            0%         4d5       100%        7
 Summon Hydra             Summ           Unusable   N/A       N/A         7

Dungeon Overview and Level Annotations

Branches:
Dungeon (7/15)             Temple (1/1) D:4

Altars:
Ashenzari
Cheibriados
Dithmenos
Elyvilon
Fedhas
Gozag
Hepliaklqana
Kikubaaqudgha
Makhleb
Nemelex Xobeh
Okawaru
Qazlal
Ru
Trog
Uskayaw
Vehumet
Wu Jian
Xom
Yredelemnul
Zin
The Shining One


Innate Abilities, Weirdness & Mutations

You are too large for most types of armour.
You have tough skin. (AC +1)


Message History

The puff of flame hits you.
You closely miss something. Something hits you.
You thump something! Okawaru accepts your kill.
Reactivating autopickup.
You feel a bit more experienced.
You hit the wight.
The wight is lightly damaged.
You block the wight's attack.
You barely miss the wight.
The wight is lightly damaged.
You block the wight's attack.
You hit the wight but do no damage.
The wight is lightly damaged.
The wight misses you.
You hit the wight.
The wight is moderately damaged.
The wight hits you with a +2 great sword!
* * * LOW HITPOINT WARNING * * *
You feel drained.
* * * LOW HITPOINT WARNING * * *
You barely miss the wight.
The wight is moderately damaged.
The wight barely misses you.
The orc priest calls down the wrath of Beogh upon you.
Beogh smites you!
* * * LOW HITPOINT WARNING * * *
You feel better. You block the wight's attack.
You fade into invisibility!
The wight misses you.
The orc priest miscasts a cantrip.
You closely miss the wight.
The wight is moderately damaged.
The wight hits you with a +2 great sword!
* * * LOW HITPOINT WARNING * * *
You barely miss the wight.
The wight is moderately damaged.
You feel like a meek peon again.
The wight hits you with a +2 great sword!!
You die...

#[# #.# #.# #.#
####### #.# #.#
......# #.# #.#####
...##.# ##.## #.#...
...##.###...######.#.#
#..##................#
#..######...######!o.#
#..# ##......@z...#
#..#
##########..#######
#..# #####........#
#... ..........$.#.#
#.## #####.#.###)# ..#
...#(# .# ###.#.# o.
#.#.# ... #.#.. .z..


You could see a wight and an orc priest.

Vanquished Creatures
  Menkaure (D:6)
  2 water moccasins
  2 ice beasts (D:6)
  A sky beast (D:6)
  A black bear (D:6)
  3 ogres
  A necrophage (D:4)
  A kobold brigand (D:5)
  2 phantoms (D:5)
  2 scorpions
  A centaur zombie (D:5)
  4 jellies
  2 hounds
  An orc priest (D:4)
  A centaur skeleton (D:4)
  2 iguanas
  2 orc wizards (D:7)
  6 gnolls
  8 adders
  2 ufetubi
  An adder skeleton (D:4)
  3 dart slugs
  15 orcs
  6 ball pythons
  8 endoplasms
  3 giant cockroaches
  8 goblins
  7 hobgoblins
  4 jackals (D:1)
  4 quokkas
  10 bats
  A frilled lizard (D:1)
  7 kobolds
  5 rats
  2 bushes (D:5)
129 creatures vanquished.

Vanquished Creatures (others)
  19 fungi
  18 plants
37 creatures vanquished.

Grand Total: 166 creatures vanquished

Notes
Turn   | Place    | Note
-------+----------+-------------------------------------------
     0 | D:1      | Murumi the Ogre Fighter began the quest for the Orb.
     0 | D:1      | Reached XP level 1. HP: 24/24 MP: 1/1
    37 | D:1      | Reached XP level 2. HP: 20/32 MP: 2/2
   488 | D:1      | Reached skill level 1 in Armour
   516 | D:1      | Reached XP level 3. HP: 39/39 MP: 3/3
   823 | D:1      | Reached skill level 1 in Throwing
  1480 | D:2      | Reached XP level 4. HP: 39/48 MP: 4/4
  2327 | D:2      | Reached skill level 5 in Fighting
  2541 | D:2      | You fall into a shaft and drop 1 floor!
  2876 | D:3      | Reached XP level 5. HP: 57/57 MP: 5/5
  3231 | D:3      | Found a faded altar of an unknown god.
  3983 | D:4      | Found a staircase to the Ecumenical Temple.
  4098 | D:4      | Reached skill level 6 in Fighting
  4114 | Temple   | Entered the Ecumenical Temple
  4167 | Temple   | Became a worshipper of Warmaster Okawaru
  4316 | D:4      | Reached XP level 6. HP: 67/67 MP: 6/6
  4605 | D:4      | Reached skill level 1 in Invocations
  4751 | D:4      | Noticed a necrophage
  4774 | D:4      | Killed a necrophage
  4774 | D:4      | Reached * piety under Okawaru
  4775 | D:4      | Reached XP level 7. HP: 29/76 MP: 8/8
  5313 | D:5      | Entered Level 5 of the Dungeon
  5373 | D:5      | Reached skill level 7 in Fighting
  5853 | D:5      | Reached skill level 8 in Fighting
  5974 | D:5      | Reached XP level 8. HP: 77/88 MP: 9/9
  6030 | D:5      | Reached ** piety under Okawaru
  7082 | D:6      | Noticed Menkaure
  7089 | D:6      | Killed Menkaure
  7459 | D:6      | Reached skill level 5 in Throwing
  8186 | D:6      | Found a glowing golden altar of the Shining One.
  8195 | D:6      | Reached skill level 9 in Fighting
  8272 | D:6      | Found a white marble altar of Elyvilon.
  8272 | D:6      | Found a blossoming altar of Fedhas.
  8272 | D:6      | Found a shimmering altar of Xom.
  8274 | D:6      | Found a hide-covered altar of Uskayaw.
  8274 | D:6      | Found a sparkling altar of Nemelex Xobeh.
  8274 | D:6      | Found a sacrificial altar of Ru.
  8313 | D:6      | Reached XP level 9. HP: 26/98 MP: 11/11
  8834 | D:7      | Reached skill level 5 in Maces & Flails
  8999 | D:7      | Mangled by a wight

Illustrated notes

Levels and vault maps discovered:
D:1:      dpeg_arrival_rooms_with_view, layout_basic, minmay_misc_feat_chi,
          chequers_serial_rivers_large_b
D:2:      layout_rooms, serial_bayou_lake_a
D:3:      layout_basic, nicolae_ecumenical_lake_church
D:4:      layout_rooms, minmay_temple_entry_stoned_glass, serial_aquarium,
          aquarium_bridge_square [aquarium_subvault_wall,
          aquarium_subvault_bridge, aquarium_subvault_window,
          aquarium_subvault_bridge], aquarium_window_2,
          aquarium_window_corridor_1, aquarium_window_corner, aquarium_view_2b,
          aquarium_pool_side, minmay_between
D:5:      layout_rooms, serial_aquarium, aquarium_bridge_straight
          [aquarium_subvault_bridge, aquarium_subvault_wall,
          aquarium_subvault_bridge, aquarium_subvault_window],
          aquarium_bridge_long_joined [aquarium_subvault_balcony,
          aquarium_subvault_bridge, aquarium_subvault_wall,
          aquarium_subvault_window, aquarium_subvault_window,
          aquarium_subvault_bridge], aquarium_window_corner,
          aquarium_window_corridor_1, aquarium_view_2e, aquarium_view_2d,
          aquarium_balcony_1a, lexackson_kobold_supper
D:6:      layout_basic, grunt_temple_overflow_open, uniq_menkaure
D:7:      layout_loops_ring, minmay_misc_feat_tiny, grunt_ministairs_7,
          uniq_duvessa
Temple:   zaba_magenta_temple

Skill      XL: |  1  2  3  4  5  6  7  8  9 |
---------------+----------------------------+-----
Maces & Flails | 2 3 4 5 |  5.0
Dodging        | 3 4 |  4.9
Shields        | 3 4 |  4.0
Armour         | 1 2 |  2.0
Throwing       | 2 3 4 5 |  5.0
Fighting       | 5 6 8 9 |  9.0
Invocations    | 2 3 |  3.0

Action                   |  1- 3 |  4- 6 |  7- 9 || total
-------------------------+-------+-------+-------++-------
Melee: Flail             |    94 |   184 |   319 ||   597
Throw: Stone             |    53 |    86 |    96 ||   235
       Boomerang         |       |     2 |     7 ||     9
       Dart              |       |     1 |       ||     1
       Throwing net      |       |       |     1 ||     1
Invok: Heroism           |       |       |     2 ||     2
  Use: Scroll            |     4 |     6 |     3 ||    13
       Potion            |       |     2 |     2 ||     4
 Stab: Invisible         |       |     1 |       ||     1
       Held in net/web   |       |       |     1 ||     1
Armor: Robe              |    32 |    28 |    35 ||    95
Dodge: Dodged            |    40 |    85 |   141 ||   266
Block: Kite shield       |    46 |    80 |    98 ||   224

Table legend: (Time is in decaauts)
 A = Elapsed time spent in this place.
 B = Non-inter-level travel time spent in this place.
 C = Inter-level travel time spent in this place.
 D = Time resting spent in this place.
 E = Time spent auto-exploring this place.
 F = Levels seen in this place.
 G = Mean time per level.
                   A        B        C        D        E       F      G
               +--------+--------+--------+--------+--------+-----+--------+
         Total |   9317 |   8868 |    449 |     65 |   7259 |   8 | 1164.6 |
       Dungeon |   9239 |   8817 |    422 |     65 |   7213 |   7 | 1319.9 |
        Temple |     78 |     52 |     26 |      0 |     46 |   1 |   78.0 |
               +--------+--------+--------+--------+--------+-----+--------+

Top non-repeatable levels by time:
     D:6: 1914 daAuts
     D:5: 1654 daAuts
     D:1: 1589 daAuts
     D:3: 1459 daAuts
     D:4: 1239 daAuts
     D:2: 1192 daAuts
     D:7: 189 daAuts
  Temple: 78 daAuts
